 Dungeon Crawl Stone Soup version 0.27.0-1-g7a089689b8 (webtiles) character file.

Game seed: 9116413941497351713

6 SnakkuSnakku7 the Vexing (level 1, -1/16 HPs)
             Began as a Ghoul Arcane Marksman on Aug 4, 2021.
             Slain by a jackal (2 damage)
             ... on level 1 of the Dungeon.
             The game lasted 00:00:28 (478 turns).

SnakkuSnakku7 the Vexing (Ghoul Arcane Marksman)     Turns: 478, Time: 00:00:29

Health: -1/16      AC:  2    Str: 13    XL:     1   Next: 90%
Magic:  1/1        EV: 12    Int:  8    God:
Gold:   8          SH:  0    Dex:  9    Spells: 1/2 levels left

rFire    . . .     SeeInvis .     - Unarmed
rCold    + . .     Faith    .   (no shield)
rNeg     + + +     Spirit   .   a - +0 robe
rPois    ∞         Reflect  .   (no helmet)
rElec    .         Harm     .   (no cloak)
rCorr    .         Rampage  .   (no gloves)
Will     .....                  (no boots)
Stlth    +.........             (no amulet)
HPRegen  0.00/turn              (no ring)
MPRegen  0.07/turn              (no ring)

@: inhibited regen
A: claws 1, cold resistance 1, negative energy resistance 3, inhibited
regeneration, torment resistance 2
a: no special abilities


You were on level 1 of the Dungeon.
You visited 1 branch of the dungeon, and saw 1 of its levels.

You collected 8 gold pieces.

Inventory:

Missiles
 b - 3 javelins (quivered)
 c - 2 throwing nets
Armour
 a - a +0 robe (worn)
Scrolls
 d - a scroll of fear {unknown}
 e - a scroll of teleportation {unknown}
Potions
 f - a potion of attraction {unknown}
 g - a potion of curing {unknown}


   Skills:
 + Level 1.6 Fighting
 - Level 1.7 Throwing
 - Level 1.7 Dodging
 + Level 1.0 Unarmed Combat
 - Level 1.0 Spellcasting
 - Level 2.4 Hexes


You had one spell level left.
You knew the following spells:

 Your Spells              Type           Power      Damage    Failure   Level
a - Corona                Hex            4%         N/A       16%         1

Your spell library contained the following spells:

 Spells                   Type           Power      Damage    Failure   Level
 Slow                     Hex            4%         N/A       22%         2
 Inner Flame              Hex/Fire       2%         N/A       58%         3
 Portal Projectile        Hex/Tloc       4%         N/A       58%         3
 Cause Fear               Hex            2%         N/A       83%         4


Dungeon Overview and Level Annotations

Branches:
Dungeon (1/15)

Altars:


Innate Abilities, Weirdness & Mutations

You thrive by killing the living.
You are immune to poison.
You have sharp fingernails.
Your flesh is cold resistant. (rC+)
You are immune to negative energy. (rN+++)
You do not regenerate when monsters are visible.
You are immune to unholy pain and torment.


Message History

The jackal is severely wounded.
The jackal closely misses you. The jackal bites you.
You scratch the jackal.
You kill the jackal!
You feel better. The jackal misses you. The jackal bites you.
Your Unarmed Combat skill increases to level 1!
You scratch the jackal but do no damage.
The jackal bites you but does no damage.
The jackal closely misses you. x2
The jackal bites you. x2
* * * LOW HITPOINT WARNING * * *
The jackal misses you. The jackal bites you.
* * * LOW HITPOINT WARNING * * *
You barely miss the jackal. The jackal bites you.
* * * LOW HITPOINT WARNING * * *
You completely miss the jackal. The jackal closely misses you.
You barely miss the jackal. The jackal bites you.
* * * LOW HITPOINT WARNING * * *
The jackal barely misses you.
Unknown command.
Throw: 5 javelins
Press: ? - help, Q - select action, (/) - cycle Shift-Dir - straight line, f - jackal
Aim: a jackal (43% to hit)
You throw a javelin.
The javelin completely misses the jackal.
The javelin pierces through the jackal but does no damage.
The javelin barely misses the jackal.
The jackal bites you but does no damage.
The jackal barely misses you.
Unknown command.
Throw: 4 javelins
Press: ? - help, Q - select action, (/) - cycle Shift-Dir - straight line, f/p - jackal
Aim: a jackal (43% to hit)
You throw a javelin. The javelin pierces through the jackal.
The jackal is moderately wounded.
The javelin barely misses the jackal.
The javelin pierces through the jackal!
You kill the jackal!
The jackal misses you. The jackal bites you.
You die...

#...##.#......>#.###.#.#
#.#.##.# #.# #.###.#.#
#.#.##.# #†# #.......#
####....(.####.# #####.###
#.......#......###### #.#
#.#####.#.......(...###.#####
#.# .....####h##.........#
..# .#.#. #h####.#####.# ..#
#... #@# #.# ..#### ##. #.#
#.# ...... ..# #.# .....#
...# #.# .##..# ...## ...
....... #... ### ....... #...
.##.#.# ## #... ....#.#...


You could see 2 jackals.

Vanquished Creatures
  A bat (D:1)
  3 jackals (D:1)
  A frilled lizard (D:1)
  A kobold (D:1)
  A rat (D:1)
7 creatures vanquished.

Notes
Turn   | Place    | Note
-------+----------+-------------------------------------------
     0 | D:1      | SnakkuSnakku7 the Ghoul Arcane Marksman began the quest for
                  | the Orb.
     0 | D:1      | Reached XP level 1. HP: 16/16 MP: 1/1
   468 | D:1      | Reached skill level 1 in Unarmed Combat
   478 | D:1      | Slain by a jackal

Illustrated notes

Levels and vault maps discovered:
D:1:      wheals_arrival_shading, layout_loops_cross

Skill      XL: |  1 |
---------------+----+-----
Unarmed Combat | 1 |  1.0
Fighting       | |  1.6
Throwing       | |  1.7
Dodging        | |  1.7
Spellcasting   | |  1.0
Hexes          | |  2.4

Action                   || total
-------------------------++-------
Melee: Unarmed           ||    33
Throw: Javelin           ||     2
Armor: Robe              ||     9
Dodge: Dodged            ||    28
